TOP OF THE 1ST |
Detroit Tigers batting - Pitching for Minnesota Twins : RHP Brad Harth
|
Pitching: RHP Brad Harth
|
|
Batting: LHB Morgan Black
|
0-0: Bunt for hit to 13S - play at first, batter OUT! 1-3
|
Batting: SHB Adam Weber
|
0-0: Ball 1-0: Ball 2-0: Called Strike 2-1: Ball 3-1: Fly out, F8 (Flyball, 8LS, EV 83.1 MPH)
|
Batting: LHB Frank McConnell
|
0-0: SINGLE (Groundball, 6S, EV 61.9 MPH) (infield hit)
|
Batting: RHB Chris Wheatley
|
0-0: Called Strike 0-1: Ball 1-1: Ball 2-1: DOUBLE (Groundball, 5L, EV 104.4 MPH) Frank McConnell to third Runner from 3rd tries for Home, SAFE, throw by LF to trailing runner, OUT at third! 7-3-5
|
Top of the 1st over - 1 run, 2 hits, 0 errors, 0 left on base; Detroit 1 - Minnesota 0 |
BOTTOM OF THE 1ST |
Minnesota Twins batting - Pitching for Detroit Tigers : RHP Melvin Medellin
|
Pitching: RHP Melvin Medellin
|
|
Batting: RHB Greg Harman
|
0-0: Foul Ball, location: 2F 0-1: Ball 1-1: Ball 2-1: Swinging Strike 2-2: Ball 3-2: Base on Balls
|
Batting: LHB Ryan Flynn Jr.
|
0-0: Ball 1-0: Ball 2-0: SINGLE (Line Drive, 9LM, EV 103.8 MPH) Greg Harman to second Runner from 2nd tries for 3rd, SAFE, throw by RF made to third Ryan Flynn Jr. to second
|
Batting: LHB Ricardo Batista
|
0-0: Foul Ball, location: 2F 0-1: Ball 1-1: Ball 2-1: Ball 3-1: Base on Balls
|
Batting: RHB Will Leslie
|
0-0: Called Strike 0-1: Ball 1-1: Swinging Strike 1-2: Ball 2-2: GRAND SLAM HOME RUN (Flyball, 7D, EV 97.5 MPH), Distance : 366 ft
|
Batting: RHB Matt Dunn
|
0-0: Called Strike 0-1: Ball 1-1: Ball 2-1: Ball 3-1: DOUBLE (Flyball, 8RXD, EV 104.4 MPH)
|
Batting: RHB Miguel Gonzalez
|
0-0: Called Strike 0-1: Ball 1-1: Ball 2-1: Ball 3-1: Called Strike 3-2: SINGLE (Groundball, 6, EV 94.4 MPH) Matt Dunn to third
|
Batting: RHB Alex Rodriguez Jr.
|
0-0: Fielders Choice at 2nd, 5-4 (Groundball, 56, EV 90.6 MPH) Matt Dunn scores
|
Batting: LHB Harris Vink
|
0-0: Ball 1-0: Fly out, F6 (Popup, 6M, EV 49.4 MPH)
|
Batting: LHB Chaim Huting
|
0-0: Called Strike 0-1: Called Strike 0-2: Foul Ball, location: 2F 0-2: Ball 1-2: Fly out, F9 (Flyball, 9S, EV 78.1 MPH)
|
Bottom of the 1st over - 5 runs, 4 hits, 0 errors, 1 left on base; Detroit 1 - Minnesota 5 |
TOP OF THE 2ND |
Detroit Tigers batting - Pitching for Minnesota Twins : RHP Brad Harth
|
Batting: LHB Conrad Taylor
|
0-0: Called Strike 0-1: Foul Ball, location: 2F 0-2: Ball 1-2: Strikes out swinging
|
Batting: LHB Tyler Davis
|
0-0: Ball 1-0: Fly out, F9 (Flyball, 9LSF, EV 78.8 MPH)
|
Batting: SHB Ross Holland
|
0-0: Foul Ball, location: 2F 0-1: Swinging Strike 0-2: Ground out 5-3 (Groundball, 5D, EV 103.8 MPH)
|
Top of the 2nd over - 0 runs, 0 hits, 0 errors, 0 left on base; Detroit 1 - Minnesota 5 |
BOTTOM OF THE 2ND |
Minnesota Twins batting - Pitching for Detroit Tigers : RHP Melvin Medellin
|
Batting: RHB Greg Harman
|
0-0: Called Strike 0-1: Ball 1-1: Ball 2-1: Foul Ball, location: 2F 2-2: Ball 3-2: Foul Ball, location: 2F 3-2: Base on Balls
|
Batting: LHB Ryan Flynn Jr.
|
0-0: Ball Greg Harman steals 2nd, throwing error, E2 Greg Harman to third 1-0: Called Strike 1-1: Swinging Strike 1-2: SINGLE (Groundball, 6MD, EV 104.4 MPH) Greg Harman scores
|
Pitching: RHP Chris McCurdy
|
|
Batting: LHB Ricardo Batista
|
0-0: Ball 1-0: Foul Ball, location: 2F 1-1: SINGLE (Groundball, 4MD, EV 95.0 MPH) Ryan Flynn Jr. to second Runner from 2nd tries for 3rd, SAFE, throw by CF made to third
|
Batting: RHB Will Leslie
|
0-0: Ball 1-0: Ball 2-0: Called Strike 2-1: Ball 3-1: Base on Balls Ricardo Batista to second
|
Batting: RHB Matt Dunn
|
0-0: Ball 1-0: Ball 2-0: Fly out, F2 (Popup, 2RF, EV 90.6 MPH)
|
Batting: RHB Miguel Gonzalez
|
0-0: Ball 1-0: Grounds into double play, 6-4-3 (Groundball, 6M, EV 89.4 MPH)
|
Bottom of the 2nd over - 1 run, 2 hits, 1 error, 2 left on base; Detroit 1 - Minnesota 6 |
TOP OF THE 3RD |
Detroit Tigers batting - Pitching for Minnesota Twins : RHP Brad Harth
|
Batting: RHB Brady Jeleniewski
|
0-0: Ball 1-0: Swinging Strike 1-1: Swinging Strike 1-2: Strikes out swinging
|
Batting: RHB Jerry Jauregui
|
0-0: SINGLE (Groundball, 6MD, EV 97.5 MPH)
|
Batting: LHB Morgan Black
|
0-0: Ball 1-0: Called Strike 1-1: Ball 2-1: Swinging Strike 2-2: Ball 3-2: Foul Ball, location: 2F 3-2: Foul Ball, location: 2F 3-2: Fly out, F8 (Flyball, 8RXD, EV 88.8 MPH)
|
Batting: SHB Adam Weber
|
0-0: Called Strike Jerry Jauregui steals 2nd base 0-1: Ball 1-1: Ball 2-1: Foul Ball, location: 2F 2-2: Strikes out swinging
|
Top of the 3rd over - 0 runs, 1 hit, 0 errors, 1 left on base; Detroit 1 - Minnesota 6 |
BOTTOM OF THE 3RD |
Minnesota Twins batting - Pitching for Detroit Tigers : RHP Chris McCurdy
|
Batting: RHB Alex Rodriguez Jr.
|
0-0: Called Strike 0-1: Fly out, F8 (Flyball, 78M, EV 90.6 MPH)
|
Batting: LHB Harris Vink
|
0-0: Ball 1-0: Ground out 4-3 (Groundball, 34, EV 85.6 MPH)
|
Batting: LHB Chaim Huting
|
0-0: Swinging Strike 0-1: Ball 1-1: Ball 2-1: Ball 3-1: SINGLE (Groundball, 56S, EV 60.6 MPH) (infield hit)
|
Batting: RHB Greg Harman
|
0-0: Called Strike 0-1: Ball 1-1: Foul Ball, location: 2F 1-2: Hit by Pitch Chaim Huting to second
|
Batting: LHB Ryan Flynn Jr.
|
0-0: Called Strike 0-1: Ground out U3 (Groundball, 3, EV 108.8 MPH)
|
Bottom of the 3rd over - 0 runs, 1 hit, 0 errors, 2 left on base; Detroit 1 - Minnesota 6 |
TOP OF THE 4TH |
Detroit Tigers batting - Pitching for Minnesota Twins : RHP Brad Harth
|
Batting: LHB Frank McConnell
|
0-0: Foul Ball, location: 2F 0-1: Ball 1-1: Foul Ball, location: 2F 1-2: Strikes out swinging
|
Batting: RHB Chris Wheatley
|
0-0: Called Strike 0-1: Swinging Strike 0-2: Foul Ball, location: 2F 0-2: Foul Ball, location: 2F 0-2: Strikes out looking
|
Batting: LHB Conrad Taylor
|
0-0: Called Strike 0-1: Fly out, F9 (Flyball, 9, EV 91.2 MPH)
|
Top of the 4th over - 0 runs, 0 hits, 0 errors, 0 left on base; Detroit 1 - Minnesota 6 |
BOTTOM OF THE 4TH |
Minnesota Twins batting - Pitching for Detroit Tigers : RHP Chris McCurdy
|
Batting: LHB Ricardo Batista
|
0-0: Ball 1-0: Ball 2-0: Called Strike 2-1: Called Strike 2-2: SINGLE (Groundball, 56D, EV 95.0 MPH)
|
Batting: RHB Will Leslie
|
0-0: Fly out, F7 (Flyball, 78S, EV 85.0 MPH)
|
Batting: RHB Matt Dunn
|
0-0: Fly out, F9 (Flyball, 9S, EV 85.6 MPH)
|
Batting: RHB Miguel Gonzalez
|
0-0: Foul Ball, location: 2F 0-1: Foul Ball, location: 2F 0-2: Ball Passed Ball! Ricardo Batista to second 1-2: Strikes out looking
|
Bottom of the 4th over - 0 runs, 1 hit, 0 errors, 1 left on base; Detroit 1 - Minnesota 6 |
TOP OF THE 5TH |
Detroit Tigers batting - Pitching for Minnesota Twins : RHP Brad Harth
|
Batting: LHB Tyler Davis
|
0-0: Ball 1-0: Ball 2-0: Ball 3-0: Foul Ball, location: 2F 3-1: Base on Balls
|
Batting: SHB Ross Holland
|
0-0: Called Strike 0-1: Ball 1-1: Called Strike 1-2: Strikes out swinging
|
Batting: RHB Brady Jeleniewski
|
0-0: Foul Ball, location: 2F 0-1: Ball 1-1: Called Strike 1-2: Ball 2-2: Ball 3-2: Strikes out looking
|
Batting: RHB Jerry Jauregui
|
0-0: Ground out 4-3 (Groundball, 34, EV 83.8 MPH)
|
Top of the 5th over - 0 runs, 0 hits, 0 errors, 1 left on base; Detroit 1 - Minnesota 6 |
BOTTOM OF THE 5TH |
Minnesota Twins batting - Pitching for Detroit Tigers : RHP Chris McCurdy
|
Batting: RHB Alex Rodriguez Jr.
|
0-0: Ball 1-0: Ball 2-0: Swinging Strike 2-1: Ball 3-1: Called Strike 3-2: Ground out 6-3 (Groundball, 6, EV 83.1 MPH)
|
Batting: LHB Harris Vink
|
0-0: Called Strike 0-1: Ball 1-1: Ground out 6-3 (Groundball, P, EV 81.2 MPH)
|
Batting: LHB Chaim Huting
|
0-0: Ball 1-0: Foul Ball, location: 2F 1-1: SINGLE (Line Drive, 9LS, EV 95.6 MPH)
|
Batting: RHB Greg Harman
|
0-0: Called Strike 0-1: Called Strike 0-2: Ground out 2-3 (Groundball, 13S, EV 69.4 MPH)
|
Bottom of the 5th over - 0 runs, 1 hit, 0 errors, 1 left on base; Detroit 1 - Minnesota 6 |
TOP OF THE 6TH |
Detroit Tigers batting - Pitching for Minnesota Twins : RHP Brad Harth
|
Batting: LHB Morgan Black
|
0-0: Ball 1-0: Ball 2-0: Swinging Strike 2-1: Ball 3-1: Foul Ball, location: 2F 3-2: Foul Ball, location: 2F 3-2: Fly out, F4 (Line Drive, 4, EV 63.8 MPH)
|
Batting: SHB Adam Weber
|
0-0: Ball 1-0: Ball 2-0: Called Strike 2-1: Foul Ball, location: 2F 2-2: Ground out 6-3 (Groundball, 4MS, EV 83.1 MPH)
|
Batting: LHB Frank McConnell
|
0-0: Ball 1-0: Swinging Strike 1-1: Ball 2-1: Ball 3-1: Foul Ball, location: 2F 3-2: SINGLE (Groundball, 34D, EV 99.4 MPH)
|
Pitching: LHP Jim Storer
|
|
Batting: RHB Chris Wheatley
|
0-0: Called Strike Frank McConnell is caught stealing 2nd base 2-4
|
Top of the 6th over - 0 runs, 1 hit, 0 errors, 0 left on base; Detroit 1 - Minnesota 6 |
BOTTOM OF THE 6TH |
Minnesota Twins batting - Pitching for Detroit Tigers : RHP Chris McCurdy
|
Batting: LHB Ryan Flynn Jr.
|
0-0: Called Strike 0-1: Ball 1-1: Foul Ball, location: 2F 1-2: Ball 2-2: Foul Ball, location: 2F 2-2: Strikes out swinging
|
Batting: LHB Ricardo Batista
|
0-0: Swinging Strike 0-1: Foul Ball, location: 2F 0-2: Foul Ball, location: 2F 0-2: Ball 1-2: Ball 2-2: Ball 3-2: Base on Balls
|
Pitching: RHP Kevin Hockenbury
|
|
Batting: RHB Will Leslie
|
0-0: Called Strike 0-1: 2-RUN HOME RUN (Flyball, 78XD, EV 95.6 MPH), Distance : 382 ft
|
Batting: RHB Matt Dunn
|
0-0: Ball 1-0: Called Strike 1-1: Ball 2-1: Foul Ball, location: 2F 2-2: Strikes out swinging
|
Batting: RHB Miguel Gonzalez
|
0-0: Called Strike 0-1: Foul Ball, location: 2F 0-2: Strikes out swinging
|
Bottom of the 6th over - 2 runs, 1 hit, 0 errors, 0 left on base; Detroit 1 - Minnesota 8 |
TOP OF THE 7TH |
Detroit Tigers batting - Pitching for Minnesota Twins : LHP Jim Storer
|
Pinch Hitting: RHB Willis Morales
|
0-0: Called Strike 0-1: Called Strike 0-2: Foul Ball, location: 2F 0-2: Ball 1-2: Foul Ball, location: 2F 1-2: Ball 2-2: Ball 3-2: Foul Ball, location: 2F 3-2: TRIPLE (Flyball, 89XD, EV 101.9 MPH)
|
Batting: LHB Conrad Taylor
|
0-0: Ground out U3 (Groundball, 34S, EV 77.5 MPH) Willis Morales scores
|
Batting: LHB Tyler Davis
|
0-0: Foul Ball, location: 2F 0-1: Ball 1-1: Called Strike 1-2: Foul Ball, location: 2F 1-2: Strikes out swinging
|
Batting: SHB Ross Holland
|
0-0: Fly out, F9 (Line Drive, 9, EV 93.8 MPH)
|
Top of the 7th over - 1 run, 1 hit, 0 errors, 0 left on base; Detroit 2 - Minnesota 8 |
BOTTOM OF THE 7TH |
Minnesota Twins batting - Pitching for Detroit Tigers : RHP Kevin Hockenbury
|
Now at 1B: Frank McConnell
|
|
Now at 2B: Brady Jeleniewski
|
|
Now at SS: Andres Leon
|
|
Batting: RHB Alex Rodriguez Jr.
|
0-0: Called Strike 0-1: Ball 1-1: Ball 2-1: Fly out, F8 (Flyball, 8RXD, EV 101.2 MPH)
|
Batting: LHB Harris Vink
|
0-0: Ball 1-0: Swinging Strike 1-1: Foul Ball, location: 2F 1-2: Ball 2-2: Foul Ball, location: 2F 2-2: Strikes out swinging
|
Batting: LHB Chaim Huting
|
0-0: Called Strike 0-1: Ground out 1-3 (Groundball, 25, EV 70.0 MPH)
|
Bottom of the 7th over - 0 runs, 0 hits, 0 errors, 0 left on base; Detroit 2 - Minnesota 8 |
TOP OF THE 8TH |
Detroit Tigers batting - Pitching for Minnesota Twins : LHP Jim Storer
|
Batting: RHB Brady Jeleniewski
|
0-0: Called Strike 0-1: Ball 1-1: Swinging Strike 1-2: DOUBLE (Line Drive, 9LS, EV 97.5 MPH)
|
Batting: RHB Jerry Jauregui
|
0-0: Called Strike 0-1: Ball 1-1: Called Strike 1-2: Foul Ball, location: 2F 1-2: Ball 2-2: Strikes out swinging
|
Pinch Hitting: RHB Rich Stinson
|
0-0: Ball 1-0: Foul Ball, location: 2F 1-1: Ball 2-1: Ball 3-1: Called Strike 3-2: Foul Ball, location: 2F 3-2: Base on Balls
|
Pitching: LHP Inkei Wakamatsu
|
|
Batting: SHB Adam Weber
|
0-0: Grounds into double play, 6-4-3 (Groundball, 6, EV 111.2 MPH)
|
Top of the 8th over - 0 runs, 1 hit, 0 errors, 1 left on base; Detroit 2 - Minnesota 8 |
BOTTOM OF THE 8TH |
Minnesota Twins batting - Pitching for Detroit Tigers : RHP Kevin Hockenbury
|
Now in LF: Tyler Davis
|
|
Now in RF: Rich Stinson
|
|
Batting: RHB Greg Harman
|
0-0: Ground out 6-3 (Groundball, 56, EV 101.9 MPH)
|
Batting: LHB Ryan Flynn Jr.
|
0-0: Foul Ball, location: 2F 0-1: Fly out, F8 (Line Drive, 8RM, EV 103.1 MPH)
|
Batting: LHB Ricardo Batista
|
0-0: Fly out, F8 (Flyball, 8RD, EV 105.6 MPH)
|
Bottom of the 8th over - 0 runs, 0 hits, 0 errors, 0 left on base; Detroit 2 - Minnesota 8 |
TOP OF THE 9TH |
Detroit Tigers batting - Pitching for Minnesota Twins : LHP Inkei Wakamatsu
|
Batting: LHB Frank McConnell
|
0-0: Called Strike 0-1: Called Strike 0-2: Ground out 4-3 (Groundball, 4, EV 83.1 MPH)
|
Batting: RHB Andres Leon
|
0-0: Foul Ball, location: 2F 0-1: Foul Ball, location: 2F 0-2: Foul Ball, location: 2F 0-2: Ground out 4-3 (Groundball, 34, EV 86.2 MPH)
|
Batting: LHB Conrad Taylor
|
0-0: SINGLE (Groundball, 4MD, EV 108.1 MPH)
|
Batting: LHB Tyler Davis
|
0-0: Ball 1-0: Ground out 4-3 (Groundball, 4, EV 81.2 MPH)
|
Top of the 9th over - 0 runs, 1 hit, 0 errors, 1 left on base; Detroit 2 - Minnesota 8 |
|